Description

test

VOD

https://www.youtube.com/watch?v=twYujOSjnrA

Replay - Anoss - Tuto LOTV - Zerg vsT opening Nydus papy !!! ça fait mal mal !!

Build Order

Get SALT Encoding   

  12  0:00  Drone  
  13  0:08  Drone  
  14  0:17  Overlord  
  14  0:23  Extractor, Drone  
  17  0:35  Drone x2  
  17  0:45  Spawning Pool  
  17  0:49  Drone  
  17  1:06  Extractor  
  16  1:11  Hatchery  
  16  1:14  Drone x2  
  17  1:23  Drone  
  18  1:32  Queen  
  20  1:36  Zergling x2  
  21  1:40  Drone  
  22  1:48  Overlord  
  22  2:08  Queen  
  27  2:23  Queen  
  30  2:31  Overlord  
  31  2:49  Lair  
  40  3:13  Extractor x2  
  40  3:19  Overlord  
  40  3:26  Roach Warren  
  43  3:44  Overlord  
  43  3:51  Nydus Network  
  40  3:57  Overseer  
  40  4:06  Roach x6  
  52  4:12  Roach x3  
  58  4:18  Roach  
  60  4:27  Nydus Canal  
Spawning Tool Build Advisor. Get it on Overwolf

Analysis

test

Go to:

Details

  • Created by: wallior
  • Published on: Jan 07, 2018
  • Modified on: Jan 07, 2018
  • Patch: 4.0.0
Show
View Real Time Build Order
Export as new Build Order

Comments (0)

There are no comments. Be the first!

Create an account to comment!